Description

without units

Build Order

Get SALT Encoding   

  14  0:17  Supply Depot  Built it at your ramp with you first SCV produced
  16  0:40  Barracks  Build Reaper into Marine then Reactor, use builder to scout
  16  0:43  Refinery  Saturate it right away
  19  1:27  Reaper, Orbital Command  Scout opponent, When finish resume SCV production and constantly drop MULEs
  20  1:39  Command Center  Turn it into Orbital Command right away
  20  1:47  Supply Depot  Finish your wall
  21  2:08  Factory  Swap with Barracks to get the Reactor on it
  21  2:10  Refinery  Saturate it right away
  24  2:24  Barracks Reactor  Swap with Factory right away
  26  2:51  Orbital Command  When finish resume SCV production and constantly drop MULEs
  27  3:00  Starport  Swap with Barracks to get the Tech Lab on it
  27  3:02  Hellion x8  4 Hellions go to your Scouting Party the other 4 stay at home to defend against Zergling Runbys
  32  3:09  Barracks Tech Lab  Swap with Starport right away
  40  3:35  Supply Depot  Wall your Natural
  46  3:50  Cloaking Field  
  47  3:56  Banshee x2  Send them to your opponent's side of the map to harass together
  51  3:57  Supply Depot  Wall your Natural
  51  4:00  Barracks Tech Lab  Start Stimpack right away
  54  4:21  Stimpack  Start Combat Shields after Stimpack is done
  57  4:30  Orbital Command  Use to wall Natural. Turn it into Orbital Command right away
  59  4:54  Barracks x2  Send them to the 2 Reactors
  60  4:58  Factory Reactor  Swap with new Barracks, send it to Tech Lab
  60  4:59  Supply Depot  Wall your Natural
  61  5:04  Engineering Bay x2  Start +1 Weapons and +1 Armor right away
  61  5:08  Refinery x2  Saturate them right away
  64  5:30  Starport Reactor  Start Medivac production
  64  5:33  Terran Infantry Weapons Level 1, Terran Infantry Armor Level 1  
  66  5:49  Barracks x2  Build Reactors on them
  68  5:51  Orbital Command  After it finishes, send it to your 3rd Mineral Line
  68  5:54  Siege Tank x3  Start Siege Tank production
  85  6:21  Medivac x4  Start Medivac production
  93  6:32  Combat Shield  
  99  6:43  Barracks Reactor x2  
  115  7:13  Armory  
  141  8:01  Barracks x3  
  142  8:12  Command Center  
Spawning Tool Build Advisor. Get it on Overwolf

Go to:

Details

  • Created by: windjammer87
  • Published on: Mar 17, 2026
  • Modified on: Mar 17, 2026
  • Patch: 5.0.11
  • Difficulty: Medium
Show
View Real Time Build Order
Export as new Build Order

Comments (0)

There are no comments. Be the first!

Create an account to comment!